 Dungeon Crawl Stone Soup version 0.21.1-1-g345015fe64 (webtiles) character file.

403 KleinerIrrer the Chiller (level 6, -2/38 HPs)
             Began as an Octopode Wanderer on Mar 25, 2018.
             Slain by an ice beast (8 damage)
             ... on level 5 of the Dungeon.
             The game lasted 00:13:53 (6088 turns).

KleinerIrrer the Chiller (Octopode Wanderer)        Turns: 6088, Time: 00:13:53

Health: -2/38      AC:  6    Str: 20    XL:     6   Next: 86%
Magic:  3/10       EV: 14    Int: 13    God:
Gold:   194        SH:  0    Dex: 11    Spells: 2/11 levels left

rFire    + . .     SeeInvis .   c - +1 club
rCold    . . .     Gourm    .   (no shield)
rNeg     . . .     Faith    .   (helmet restricted)
rPois    .         Spirit   .   (no amulet)
rElec    .         Reflect  .   m - ring of protection from fire
rCorr    .         Harm     .   (no ring)
MR       .....                  (no ring)
Stlth    ++........             (no ring)
HPRegen  0.12/turn              (no ring)
MPRegen  0.12/turn              (no ring)
                                (no ring)
                                (no ring)

@: mighty, icy armour, very slightly contaminated, slow
A: almost no armour, stealthy swim, amphibious, 8 rings, constrict 8, camouflage
1, gelatinous body 1
a: no special abilities


You were on level 5 of the Dungeon.
You were not hungry.

You visited 1 branch of the dungeon, and saw 5 of its levels.

You collected 194 gold pieces.

Inventory:

Hand Weapons
 c - a +1 club (weapon)
Missiles
 k - 4 needles of paralysis
 l - 18 poisoned needles
Jewellery
 m - a ring of protection from fire (left tentacle)
Wands
 u - a wand of clouds (6)
Scrolls
 b - 7 scrolls of teleportation
 n - a scroll of blinking
 o - 2 scrolls of amnesia
Potions
 f - 3 potions of curing
 g - 2 potions of magic
 h - a potion of might
 i - a potion of resistance {unknown}
 j - a potion of invisibility {unknown}
 p - 4 potions of flight
 v - a potion of mutation {unknown}
 w - a potion of heal wounds {unknown}
Books
 a - a book of Frost

   Spells                             Type                      Level
   a - Freeze                         Ice                          1
   b - Throw Frost                    Conjuration/Ice              2
   c - Ozocubu's Armour               Charms/Ice                   3
   d - Throw Icicle                   Conjuration/Ice              4
   e - Summon Ice Beast               Ice/Summoning                4
Comestibles
 d - 5 rations


   Skills:
 - Level 1.0 Fighting
 - Level 2.0 Maces & Flails
 - Level 1.0 Throwing
 + Level 4.1 Dodging
 * Level 1.8 Unarmed Combat
 - Level 3.0 Spellcasting
 - Level 0.2 Conjurations
   Level 1.0 Transmutations
 * Level 5.0 Ice Magic
 + Level 1.1 Evocations


You had 2 spell levels left.
You knew the following spells:

 Your Spells              Type           Power        Failure   Level  Hunger
a - Throw Frost           Conj/Ice       #.....       12%         2    ###....
b - Ozocubu's Armour      Chrm/Ice       #.......     24%         3    ###....
c - Summon Ice Beast      Ice/Summ       #.......     63%         4    #####..


Dungeon Overview and Level Annotations

Branches:
Dungeon (5/15)
 Temple: D:4-7

Altars:
Cheibriados
Elyvilon
Gozag
Hepliaklqana
Qazlal
Yredelemnul

Shops:
D:4 *

Annotations:
D:3 1 runed door, BorisKarlOrff's ghost, amateur MiBe
D:5 KleinerIrrer's ghost, novice OpMo


Innate Abilities, Weirdness & Mutations

You cannot wear most types of armour.
You are very stealthy in the water. (Stealth+)
You are amphibious.
You can wear up to eight rings at the same time.
You can use your tentacles to constrict eight enemies at once.
Your skin changes colour to match your surroundings (Stealth+).
Your rubbery body absorbs attacks. (AC +1, EV +1)


Message History

You are very lightly contaminated with residual magic.
Strange energies run through your body.
You feel very mighty all of a sudden.
You closely miss the ice beast. You squeeze the ice beast!
The ice beast is moderately wounded.
The ice beast hits you. The ice beast freezes you.
You closely miss the ice beast. You squeeze the ice beast!
The ice beast is heavily wounded.
The ice beast completely misses you.
You barely miss the ice beast.
The ice beast is heavily wounded.
The ice beast hits you. The ice beast freezes you!
* * * LOW HITPOINT WARNING * * *
The ice beast hits you but does no damage.
You closely miss the ice beast. Your squeeze misses the ice beast.
The ice beast is heavily wounded.
The ice beast hits you.
* * * LOW HITPOINT WARNING * * *
The ice beast freezes you!
You die...

# #.### ### ... ##.#
##.# ... #.##.## ....#
#.# #...# ....##.##
#.@## #....#.# ##.Y#
#.....## ##..#...#
#####.....###..#####....
#.............## ..
..............#
...............#
##.............#
#.........##....#


You could see an ice beast.

Vanquished Creatures
  2 hounds (D:4)
  An orc priest (D:4)
  Jessica (D:2)
  An iguana (D:5)
  2 orc wizards
  7 gnolls
  2 adders (D:3)
  2 oozes (D:2)
  An adder skeleton (D:4)
  2 worms
  2 dart slugs
  2 leopard geckos
  14 orcs
  4 giant cockroaches
  7 goblins
  5 hobgoblins
  7 jackals
  8 kobolds
  3 quokkas
  A ball python skeleton (D:4)
  7 bats
  6 frilled lizards
  9 rats
96 creatures vanquished.

Notes
Turn   | Place    | Note
-------+----------+-------------------------------------------
     0 | D:1      | KleinerIrrer the Octopode Wanderer began the quest for the Orb.
     0 | D:1      | KleinerIrrer set off with: a book of Frost, a scroll of teleportation, a +0 club, a ration
     0 | D:1      | Reached XP level 1. HP: 13/13 MP: 1/1
    93 | D:1      | Reached skill level 1 in Spellcasting
   478 | D:1      | Reached XP level 2. HP: 12/18 MP: 3/3
   884 | D:1      | Learned a level 2 spell: Throw Frost
  1579 | D:2      | Reached XP level 3. HP: 19/23 MP: 5/5
  2030 | D:2      | Learned a level 3 spell: Ozocubu's Armour
  2165 | D:2      | Reached skill level 1 in Dodging
  2165 | D:2      | Reached XP level 4. HP: 24/28 MP: 3/7
  2574 | D:2      | Found a stormy altar of Qazlal.
  2699 | D:2      | Noticed Jessica
  2704 | D:2      | Killed Jessica
  2704 | D:2      | Reached XP level 5. HP: 24/33 MP: 4/9
  3023 | D:3      | Noticed BorisKarlOrff's ghost (amateur MiBe)
  3241 | D:2      | Learned a level 4 spell: Summon Ice Beast
  4139 | D:3      | Found a runed door.
  4444 | D:3      | Reached skill level 1 in Unarmed Combat
  4451 | D:3      | Reached XP level 6. HP: 12/38 MP: 10/10
  4774 | D:3      | Found a hazy altar of Hepliaklqana.
  4774 | D:3      | Found a snail-covered altar of Cheibriados.
  4785 | D:3      | Found a white marble altar of Elyvilon.
  4787 | D:3      | Found a faded altar of an unknown god.
  4788 | D:3      | Found a basalt altar of Yredelemnul.
  5407 | D:4      | Found an opulent altar of Gozag.
  5409 | D:4      | Found Gozag's Platinum Reserve.
  5736 | D:4      | Reached skill level 5 in Ice Magic
  5910 | D:5      | Entered Level 5 of the Dungeon
  5910 | D:5      | Noticed KleinerIrrer's ghost (novice OpMo)
  6079 | D:5      | Noticed an ice beast
  6088 | D:5      | Slain by an ice beast

Skill      XL: |  1  2  3  4  5  6 |
---------------+-------------------+-----
Spellcasting   | 1 2 3 |  3.0
Dodging        | 1 2 3 4 |  4.1
Unarmed Combat | 1 |  1.8
Ice Magic      | 5 |  5.0
Fighting       | |  1.0
Maces & Flails | |  2.0
Throwing       | |  1.0
Conjurations   | |  0.2
Transmutations | |  1.0
Evocations     | |  1.1

Action                   |  1- 3 |  4- 6 || total
-------------------------+-------+-------++-------
Melee: Club              |    88 |   181 ||   269
       Constrict         |    25 |    41 ||    66
       Tentacles         |    14 |    35 ||    49
       Punch             |       |     1 ||     1
 Cast: Throw Frost       |     4 |     6 ||    10
       Ozocubu's Armour  |     3 |    11 ||    14
  Use: Scroll            |       |    11 ||    11
       Potion            |       |     2 ||     2
 Stab: Sleeping          |    10 |     4 ||    14
  Eat: Chunk             |     5 |     4 ||     9
       Ration            |       |     3 ||     3
Armor: Skin              |    10 |    36 ||    46
Dodge: Dodged            |    55 |   161 ||   216
